AoeStats
← Tx8 | Morochimaru

Highland

504648105Analyzed
4v4 RM · 25d ago on Sep 6, 2026· 73m 19s· 8 players
Game mode
Random Map
Map size
Large (8 player)
Population
200
Speed
Normal
Resources
Standard
Victory
Conquest
Starting age
Dark Age
Ending age
Imperial Age
RankedLock teamsTeams togetherTeam positionsShared explorationLock speedFull tech treeHidden civsTurbo modeCheats
Victory
Defeat
🇳🇿 Byzantines · New Zealand
1275
+16
🇺🇸 Berbers · United States
1247
+17
🇨🇳 Jurchens · China
1230
+18
🇮🇹 Goths · Italy
1184
+18
🇲🇽 Maya · Mexico
1316
-19
🇲🇽 Franks · Mexico
1300
-19
🇲🇽 Ethiopians · Mexico
1255
-17
🇲🇽 Spanish · Mexico
1194
-14
TamerCaribou922
6:41 Loom
9:36 Feudal Age
10:43 Double-Bit Axe
21:01 Castle Age
19:21 Bloodlines
19:18 Scale Barding Armor
19:06 Gold Mining
20:30 Horse Collar
22:59 Husbandry
23:11 Forging
24:14 Wheelbarrow
27:27 Bow Saw
28:36 Hand Cart
28:23 Heavy Plow
29:22 Chain Barding Armor
31:30 Stone Mining
32:15 Gold Shaft Mining
36:10 Imperial Age
34:32 Fletching
36:29 Iron Casting
37:56 Bodkin Arrow
38:44 Ballistics
39:28 Chemistry
38:37 Bracer
38:09 Light Cavalry
39:01 Padded Archer Armor
40:50 Ballistics
43:57 Siege Engineers
43:18 Hussar
44:15 Leather Archer Armor
44:36 Plate Barding Armor
45:02 Blast Furnace
55:56 Heavy Camel Rider
63:10 Caravan
65:36 Conscription
65:34 Cavalier
MLT | Bombad Gastald
5:13 Loom
12:26 Feudal Age
16:05 Castle Age
14:23 Double-Bit Axe
15:02 Horse Collar
19:38 Scale Mail Armor
19:49 Forging
21:52 Squires
25:15 Bow Saw
26:49 Heavy Plow
30:04 Forging
32:10 Fletching
31:55 Pikeman
33:07 Chain Mail Armor
35:25 Ballistics
38:23 Anarchy
46:57 Imperial Age
45:22 Iron Casting
47:03 Halberdier
48:20 Gold Mining
49:03 Heavy Scorpion
51:41 Two-Man Saw
52:23 Capped Ram
53:51 Crop Rotation
60:07 Conscription
61:34 Caravan
63:35 Wheelbarrow
65:14 Guilds
65:14 Perfusion
64:36 Elite Huskarl
66:31 Hand Cart
70:42 Blast Furnace
JayJayNico
5:22 Loom
9:59 Feudal Age
11:54 Double-Bit Axe
11:53 Horse Collar
20:19 Forging
20:14 Scale Barding Armor
20:01 Fishing Lines
25:56 Castle Age
25:49 Fletching
25:59 Padded Archer Armor
26:14 Gold Mining
26:13 Pikeman
27:40 Iron Casting
27:00 Bodkin Arrow
26:26 Elite Skirmisher
27:13 Thumb Ring
27:46 Scale Mail Armor
28:47 Wheelbarrow
30:06 Squires
33:53 Imperial Age
32:53 Bow Saw
32:45 Heavy Plow
32:20 Crossbowman
33:55 Gold Shaft Mining
34:30 Arbalester
35:55 Bracer
39:49 Chemistry
39:50 Ballistics
40:44 Chain Mail Armor
41:36 Hand Cart
41:22 Stone Mining
43:10 Stone Shaft Mining
42:56 Halberdier
45:20 Plate Mail Armor
48:12 Murder Holes
48:38 Treadmill Crane
50:02 Chain Barding Armor
49:58 Leather Archer Armor
50:48 Conscription
51:04 Hoardings
51:51 Two-Man Saw
50:58 Caravan
52:19 Ring Archer Armor
53:56 Fortified Wall
54:07 Bombard Tower
56:25 Logistica
57:01 Guilds
56:30 Man-at-Arms
56:56 Gambesons
56:56 Arson
58:27 Plate Barding Armor
57:29 Long Swordsman
61:04 Arrowslits
61:36 Careening
61:42 Greek Fire
61:36 Elite Cataphract
63:24 Elite Genitour
Hakka
11:26 Feudal Age
10:31 Loom
12:24 Double-Bit Axe
12:59 Horse Collar
20:07 Castle Age
22:09 Bow Saw
22:19 Town Watch
27:04 Fishing Lines
26:58 Pikeman
28:01 Scale Mail Armor
28:11 Forging
33:20 Imperial Age
31:26 Fortified Wall
31:28 Careening
31:48 Stone Mining
31:51 Gold Mining
33:54 Wheelbarrow
34:15 Gold Shaft Mining
35:08 Chemistry
34:46 Guilds
36:07 Ballistics
35:40 Fletching
37:10 Thunderclap Bombs
37:22 Conscription
37:00 Bodkin Arrow
37:18 Caravan
38:02 Bracer
41:36 Masonry
41:08 Treadmill Crane
42:39 Town Patrol
44:59 Two-Man Saw
44:07 Fortified Bastions
45:51 Bloodlines
45:02 Light Cavalry
45:44 Husbandry
45:46 Murder Holes
45:57 Siege Engineers
46:23 Architecture
49:55 Hussar
51:56 Scale Barding Armor
52:27 Iron Casting
52:34 Hand Cart
53:55 Chain Barding Armor
55:56 Plate Barding Armor
56:22 Blast Furnace
58:27 Padded Archer Armor
58:42 Chain Mail Armor
60:15 Coinage
61:55 Banking
62:01 Banking
71:08 Stone Shaft Mining
Tx8 | Erickato
0:27 Loom
11:01 Feudal Age
15:31 Castle Age
15:42 Horse Collar
21:06 Fletching
24:30 Bodkin Arrow
26:08 Padded Archer Armor
27:52 Leather Archer Armor
32:53 Ballistics
33:39 Wheelbarrow
33:08 Double-Bit Axe
33:27 Heavy Plow
35:10 Bow Saw
35:23 Masonry
37:00 Hand Cart
38:45 Town Watch
41:37 Imperial Age
40:47 Fortified Wall
40:32 Gold Mining
42:20 Stone Mining
41:59 Heavy Scorpion
42:06 Heavy Scorpion
45:17 Chemistry
44:48 Architecture
45:26 Two-Man Saw
48:15 Stone Shaft Mining
50:22 Town Patrol
53:16 Bracer
53:49 Ring Archer Armor
60:20 Caravan
65:29 Scale Mail Armor
65:39 Forging
67:43 Conscription
68:23 Elite Skirmisher
Tx8 | Morochimaru
9:10 Loom
12:16 Feudal Age
13:02 Double-Bit Axe
19:34 Castle Age
17:35 Horse Collar
18:23 Gold Mining
20:47 Fletching
21:03 Scale Barding Armor
22:30 Bodkin Arrow
27:23 Town Watch
28:53 Wheelbarrow
30:49 Heavy Plow
31:02 Bow Saw
35:02 Imperial Age
33:00 Ballistics
33:52 Bloodlines
35:39 Forging
35:50 Chain Barding Armor
37:41 Conscription
42:12 Plate Barding Armor
41:38 Bracer
41:45 Husbandry
44:22 Padded Archer Armor
47:24 Elite Conquistador
47:32 Elite Conquistador
48:43 Hand Cart
52:26 Leather Archer Armor
53:48 Ring Archer Armor
57:38 Cavalier
60:10 Iron Casting
59:02 Paladin
62:54 Blast Furnace
Tx8 | AlexisCubo
7:38 Loom
11:24 Feudal Age
15:11 Double-Bit Axe
16:49 Fletching
25:07 Castle Age
25:56 Bodkin Arrow
27:01 Crossbowman
27:50 Thumb Ring
31:56 Padded Archer Armor
36:18 Ballistics
40:41 Imperial Age
40:50 Arbalester
41:59 Bracer
41:47 Arbalester
46:14 Bow Saw
50:31 Chemistry
50:09 Leather Archer Armor
64:28 Elite Skirmisher
Tx8 | EtergenInvictus
6:03 Loom
6:35 Loom
8:42 Feudal Age
9:22 Double-Bit Axe
16:27 Wheelbarrow
19:43 Castle Age
19:26 Gold Mining
21:23 Bow Saw
21:28 Forging
21:23 Scale Barding Armor
22:19 Husbandry
28:18 Iron Casting
36:35 Imperial Age
35:19 Fortified Wall
34:49 Light Cavalry
36:12 Chain Barding Armor
35:52 Scale Mail Armor
36:41 Hand Cart
37:04 Gold Shaft Mining
38:18 Chemistry
37:39 Ballistics
37:45 Chivalry
38:06 Masonry
37:27 Cavalier
38:15 Town Watch
39:10 Conscription
40:01 Plate Barding Armor
39:50 Siege Engineers
40:30 Town Patrol
43:05 Blast Furnace
44:00 Paladin
48:42 Medium Warships
50:17 Heavy Warships
53:22 Fletching
53:49 Chain Mail Armor
54:39 Caravan
55:51 Bodkin Arrow
56:03 Siege Engineers
57:19 Careening
57:04 Murder Holes
68:55 Conscription
70:49 Capped Ram
Connection lost

Rejoining the realm…

Still unreachable

The connection could not be restored.

Session expired

The server has moved on; the page needs a fresh start.